 Dungeon Crawl Stone Soup version 0.31.0-11-ge490571c62 (webtiles) character file.

Game seed: 15339832509213831385

1 Aviak the Conjurer (level 1, 0/14 HPs)
             Began as an Octopode Reaver on Feb 3, 2024.
             Slain by a hobgoblin (2 damage)
             ... on level 1 of the Dungeon.
             The game lasted 00:00:07 (40 turns).

Aviak the Conjurer (Octopode Reaver)                  Turns: 40, Time: 00:00:08

Health: 0/14       AC:  1    Str: 11    XL:     1   Next: 20%
Magic:  3/3        EV: 13    Int: 15    God:
Gold:   0          SH:  0    Dex: 10    Spells: 3/4 levels left

rFire   . .          .
                       - Unarmed
rCold   . . .        (no shield)
rNeg    . . .        (helmet restricted)
rPois   .            (no amulet)
rElec   .            (no ring)
rCorr   .            (no ring)
SInv    .            (no ring)
Will    .....        (no ring)
Stlth   ++           (no ring)
HPRegen 0.22/turn    (no ring)
MPRegen 0.08/turn    (no ring)
                     (no ring)

%: no passive effects
@: no status effects
A: almost no armour, amphibious, 8 rings, camouflage 1, gelatinous body 1,
(nimble swimmer 1), tentacles
a: no special abilities


You were on level 1 of the Dungeon.
You visited 1 branch of the dungeon, and saw 1 of its levels.

You aren't carrying anything.


   Skills:
 + Level 2.0 Fighting
 + Level 2.0 Dodging
 + Level 3.0 Unarmed Combat
 - Level 2.0 Spellcasting
 - Level 3.0 Conjurations


You had 3 spell levels left.
You knew the following spells:

 Your Spells              Type           Power      Damage    Failure   Level
a - Kiss of Death         Conj/Necr      24%        2d7       12%         1

Your spell library contained the following spells:

 Spells                   Type           Power      Damage    Failure   Level
 Momentum Strike          Conj/Tloc      12%        3d8       19%         2
 Hailstorm                Conj/Ice       6%         3d5       34%         3


Dungeon Overview and Level Annotations

Branches:
Dungeon (1/15)

Altars:


Innate Abilities, Weirdness & Mutations

You cannot wear most types of armour.
You are amphibious.
You can wear up to eight rings at the same time.
Your skin changes colour to match your surroundings (Stealth+).
Your rubbery body absorbs attacks. (AC +1, EV +1)
((You are camouflaged when in or above water. (Stealth+)))
You have tentacles for arms and can constrict up to eight enemies at once.


Message History

Press ? for a list of commands and other information.
Found a staircase leading out of the dungeon.
Found a ring mail.
Found 4 stones.
Found a stone staircase leading down.
A hobgoblin and a quokka come into view.
There are monsters nearby!
There are monsters nearby!
The hobgoblin shouts!
You barely miss the quokka. Your grab misses the quokka.
You squeeze the quokka.
The quokka is heavily wounded.
The quokka twitches its whiskers.
The quokka bites you.
You miss the quokka. Your grab misses the quokka.
The quokka is heavily wounded.
The quokka closely misses you.
You tentacle-slap the quokka but do no damage.
Your grab misses the quokka.
The quokka is heavily wounded.
The quokka bites you.
You closely miss the quokka. You grab the quokka.
The quokka is heavily wounded.
You constrict the quokka.
The quokka bites you but does no damage.
The quokka bites you.
* * * LOW HITPOINT WARNING * * *
You are too injured to fight recklessly!
You barely miss the quokka.
The quokka is severely wounded.
You constrict the quokka.
You kill the quokka!
You closely miss the hobgoblin. You grab the hobgoblin.
You squeeze the hobgoblin, but do no damage.
You constrict the hobgoblin. The hobgoblin barely misses you.
You tentacle-slap the hobgoblin but do no damage.
The hobgoblin is moderately wounded.
You constrict the hobgoblin, but do no damage.
The hobgoblin hits you.
You die...

+# ##### #.# #...# #.#
#...# #.# #...# #.#
#...###########.#
##..............>######.
........................
...#############@#..###
..## #....g.....# ..#
#.##.#.....# .### ..
#.#.....# ...# ## #.#
....# .#.# #.# ....#
##(# ..# .... ...# ###
#### ...#


You could see a hobgoblin.

Vanquished Creatures
  A quokka (D:1)
1 creature vanquished.

Notes
Turn   | Place    | Note
-------+----------+-------------------------------------------
     0 | D:1      | Aviak the Octopode Reaver began the quest for the Orb.
     0 | D:1      | Reached XP level 1. HP: 14/14 MP: 3/3
    40 | D:1      | Slain by a hobgoblin

Illustrated notes

Levels and vault maps discovered:
D:1:      wander_arrival_lonely_grave, layout_basic

Action                     || total
---------------------------++-------
  Melee: Unarmed           ||     7
         Constrict         ||     2
         Tentacles         ||     2
 Armour: Skin              ||     5
  Dodge: Dodged            ||     2
